 Dungeon Sprint DCSS version 0.23.1 (webtiles) character file.

Game seed: 10887142748670815939

4046 Fang the Fighter (level 10, -11/73 HPs)
             Began as a Gargoyle Berserker on Mar 17, 2019.
             Was the Champion of Trog.
             Mangled by an ice devil (15 damage)
             ... in the Dungeon (Sprint VII: "The Pits").
             The game lasted 00:02:29 (1513 turns).

Fang the Fighter (Gargoyle Berserker)               Turns: 1513, Time: 00:02:30

Health: -11/73     AC: 26    Str: 24    XL:     10   Next: 24%
Magic:  3/3        EV: 11    Int: 14    God:    Trog [******]
Gold:   0          SH:  0    Dex:  9    Spells: 9/9 levels left

rFire    . . .     SeeInvis .   b - +4 battleaxe (antimagic)
rCold    . . .     Gourm    .   (shield currently unavailable)
rNeg     + . .     Faith    .   k - +3 plate armour
rPois    ∞         Spirit   .   (no helmet)
rElec    +         Reflect  .   (no cloak)
rCorr    .         Harm     .   (no gloves)
MR       .....     NoTele   +   (no boots)
Stlth    ..........             (no amulet)
HPRegen  0.22/turn              p - +3 ring of intelligence
MPRegen  0.08/turn              r - +3 ring of intelligence

@: berserk cooldown, slowed, very slow
A: negative energy resistance 1, electricity resistance, unbreathing,
petrification resistance, rot immunity, AC +7
a: Berserk, Trog's Hand, Brothers in Arms, Renounce Religion


You were in the Dungeon.
You worshipped Trog.
Trog was exalted by your worship.
You were very hungry.

You visited 1 branch

Inventory:

Hand Weapons
 b - a +4 antimagic battleaxe (weapon)
 t - a +1 broad axe of chopping
Armour
 k - a +3 plate armour (worn)
Jewellery
 p - a +3 ring of intelligence (left hand)
 r - a +3 ring of intelligence (right hand)
Scrolls
 i - a scroll of blinking
 l - 3 scrolls of remove curse
 m - a scroll of summoning
Potions
 a - 2 potions of invisibility
 d - 6 potions of curing
 e - 7 potions of heal wounds
 f - 2 potions of haste
 g - 4 potions of magic
 h - 3 potions of berserk rage
 q - 3 potions of brilliance
 s - a potion of resistance
Comestibles
 c - 9 rations


   Skills:
 + Level 13.0 Fighting
 + Level 11.2 Axes
 + Level 12.8 Armour
 + Level 10.1 Dodging


You had 9 spell levels left.
You didn't know any spells.
Your spell library was empty.

Dungeon Overview and Level Annotations

Branches:
Dungeon (1/1)

Altars:


Innate Abilities, Weirdness & Mutations

You are resistant to torment.
Your stone body is resilient. (AC +7)
You are immune to poison.
You resist negative energy. (rN+)
You are resistant to electric shocks. (rElec)
You can survive without breathing.
You are immune to petrification.
You are immune to rotting.


Message History

The ice devil hits you but does no damage.
You slice the ice devil!!
The ice devil is heavily wounded.
You slash the jackal!
You kill the jackal!
Trog accepts your kill. The ice devil barely misses you.
Unknown command.
You feel much better.
The ice devil hits you but does no damage.
The ice devil hits you.
* * * LOW HITPOINT WARNING * * *
The ice devil freezes you!
* * * LOW HITPOINT WARNING * * *
Your troll goes berserk!
You are feeling very hungry.
The ice devil hits you.
* * * LOW HITPOINT WARNING * * *
The ice devil freezes you!
You die...

...............#
.....#..#......#
...............+
...............+
.....#..#......#
...............#
##'#####''######
......##''# ########
......##))# #†)@†..#
......##).# #.T#4#......
..<...##..##..##.##.....
......##..##.##...##...#
......##..####.....# .##
......##...##[.....# .#
########....'......+ +
########...##......#
.#!.[[##..####.....#


You could see an ice devil and a friendly troll (berserk).

Vanquished Creatures
  A sea snake (D)
  A manticore (D)
  Joseph (D)
  A red devil (D)
  2 trolls (D)
  A polar bear (D)
  A hornet (D)
  A snapping turtle (D)
  A bog body (D)
  3 redbacks (D)
  A ynoxinul (D)
  A porcupine (D)
  A floating eye (D)
  A wolf (D)
  Blork the orc (D)
  A scorpion (D)
  4 wights (D)
  A crimson imp (D)
  A gnoll shaman (D)
  An iron imp (D)
  A hell rat (D)
  An iguana (D)
  2 worker ants (D)
  3 gnolls (D)
  A river rat (D)
  A leopard gecko (D)
  A ball python (D)
  2 bats (D)
  3 giant cockroaches (D)
  A goblin (D)
  4 jackals (D)
  A leopard gecko zombie (D)
47 creatures vanquished.

Vanquished Creatures (others)
  A jackal (D)
1 creature vanquished.

Grand Total: 48 creatures vanquished

Notes
Turn   | Place    | Note
-------+----------+-------------------------------------------
     0 | D        | Fang the Gargoyle Berserker began the quest for the Orb.
     0 | D        | Reached XP level 1. HP: 14/14 MP: 1/1
   141 | D        | Reached ** piety under Trog
   148 | D        | Reached XP level 2. HP: 18/20 MP: 2/2
   151 | D        | Reached skill level 4 in Fighting
   155 | D        | Reached *** piety under Trog
   174 | D        | Reached **** piety under Trog
   174 | D        | Reached XP level 3. HP: 11/25 MP: 3/3
   419 | D        | Reached skill level 5 in Fighting
   419 | D        | Reached XP level 4. HP: 22/31 MP: 4/4
   421 | D        | Noticed a floating eye
   427 | D        | Reached skill level 5 in Armour
   446 | D        | Reached skill level 6 in Fighting
   446 | D        | Reached skill level 5 in Axes
   446 | D        | Reached XP level 5. HP: 28/36 MP: 5/5
   446 | D        | Paralysed by a floating eye for 4 turns
   452 | D        | Reached ***** piety under Trog
   454 | D        | Paralysed by a floating eye for 3 turns
   458 | D        | Paralysed by a floating eye for 4 turns
   463 | D        | Killed a floating eye
   463 | D        | Reached skill level 7 in Fighting
   463 | D        | Reached skill level 5 in Dodging
   532 | D        | Reached XP level 6. HP: 36/44 MP: 6/6
   590 | D        | Noticed a red devil
   606 | D        | Killed a red devil
   606 | D        | Reached skill level 8 in Fighting
   606 | D        | Reached XP level 7. HP: 50/50 MP: 7/7
   681 | D        | Received a gift from Trog
   681 | D        | Reached skill level 9 in Fighting
   784 | D        | Noticed Blork the orc
   784 | D        | Noticed a sea snake
   798 | D        | Killed a sea snake
   798 | D        | Received a gift from Trog
   798 | D        | Reached skill level 10 in Fighting
   798 | D        | Reached skill level 10 in Armour
   798 | D        | Reached XP level 8. HP: 58/58 MP: 8/8
   803 | D        | Killed Blork the orc
   974 | D        | Noticed a troll
   975 | D        | Noticed Joseph
   984 | D        | Killed a troll
   985 | D        | Reached skill level 11 in Fighting
  1000 | D        | Killed Joseph
  1000 | D        | Received a gift from Trog
  1000 | D        | Reached ****** piety under Trog
  1000 | D        | Reached XP level 9. HP: 43/64 MP: 9/9
  1196 | D        | Noticed a troll
  1196 | D        | Noticed a hornet
  1203 | D        | Killed a troll
  1205 | D        | Killed a hornet
  1205 | D        | Reached skill level 10 in Axes
  1216 | D        | Reached skill level 12 in Fighting
  1490 | D        | Noticed a manticore
  1492 | D        | Noticed a polar bear
  1493 | D        | Noticed an ice devil
  1494 | D        | Killed a manticore
  1495 | D        | Received a gift from Trog
  1499 | D        | Reached XP level 10. HP: 34/72 MP: 3/10
  1505 | D        | Received a gift from Trog
  1505 | D        | Reached skill level 10 in Dodging
  1508 | D        | Reached skill level 13 in Fighting
  1510 | D        | HP: 1/73 [ice devil (16)]
  1513 | D        | Mangled by an ice devil

Skill      XL: |  1  2  3  4  5  6  7  8  9 10 |
---------------+-------------------------------+-----
Axes           | 3 4 5 6 7 8 9 10 11 | 11.2
Dodging        | 2 3 4 5 6 7 8 9 10 | 10.1
Armour         | 3 4 5 6 8 10 11 12 | 12.8
Fighting       | 4 5 6 7 8 10 11 12 13 | 13.0

Action                   |  1- 3 |  4- 6 |  7- 9 | 10-12 || total
-------------------------+-------+-------+-------+-------++-------
Melee: Hand axe          |    42 |    58 |    53 |       ||   153
       Broad axe         |       |       |    30 |       ||    30
       Battleaxe         |       |       |    23 |    11 ||    34
Invok: Berserk           |       |     1 |     3 |       ||     4
       Brothers in Arms  |       |       |       |     1 ||     1
  Use: Potion            |       |       |       |     1 ||     1
  Eat: Chunk             |       |       |     5 |       ||     5
Armor: Animal skin       |    10 |       |       |       ||    10
       Scale mail        |     4 |    22 |    20 |       ||    46
       Plate armour      |       |       |    75 |    10 ||    85
Dodge: Dodged            |    33 |    27 |    86 |    11 ||   157
